 Dungeon Crawl Stone Soup version 0.31-a0-176-g91f28db67f (webtiles) character file.

Game seed: 2006107056083279128

56 qw the Shooter (level 3, 0/32 HPs)
             Began as a Naga Hunter on June 17, 2023.
             Slain by Grinder (8 damage)
             ... while paralysed by Grinder
             ... on level 3 of the Dungeon.
             The game lasted 00:00:26 (1107 turns).

qw the Shooter (Naga Hunter)                        Turns: 1107, Time: 00:00:27

Health: 0/32       AC:  2    Str: 13    XL:     3   Next: 95%
Magic:  3/3        EV:  1    Int:  9    God:
Gold:   109        SH:  0    Dex: 16    Spells: 2/2 levels left

rFire   . . .        Y - +0 shortbow
rCold   . . .        (shield currently unavailable)
rNeg    . . .        c - +0 leather armour
rPois   +            (no helmet)
rElec   .            (no cloak)
rCorr   +            (no gloves)
SInv    +            (no barding)
Will    .....        (no amulet)
Stlth   ++           k - ring of resist corrosion
HPRegen 0.25/turn    (no ring)
MPRegen 0.08/turn

%: no passive effects
@: paralysed, very slow
A: AC +1, large, see invisible, deformed body, poison resistance, slowness 2,
spit poison 1, naga tail 1
a: Spit Poison


You were on level 3 of the Dungeon.
You visited 1 branch of the dungeon, and saw 3 of its levels.

You collected 109 gold pieces.


Innate Abilities, Weirdness & Mutations

Your serpentine skin is tough. (AC +1)
You have supernaturally acute eyesight. (SInv)
Armour fits poorly on your strangely shaped body.
Your system is resistant to poisons. (rPois)
You cover ground very slowly.
You can spit poison.
You have a snake-like lower body.


   Skills:
 - Level 2.0 Fighting
 + Level 4.9 Ranged Weapons
 - Level 1.5 Dodging
 - Level 1.5 Stealth


You had 2 spell levels left.
You didn't know any spells.
Your spell library was empty.

Inventory:

Hand Weapons
 Y - a +0 shortbow (weapon)
Armour
 c - a +0 leather armour (worn)
Jewellery
 f - a ring of fire
 k - a ring of resist corrosion (left hand)
Scrolls
 a - a scroll of torment {unknown}
Potions
 b - a potion of might {unknown}
 d - a potion of attraction {unknown}
 g - a potion of brilliance {unknown}
 i - a potion of mutation {unknown}

Dungeon Overview and Level Annotations

Branches:
Dungeon (3/15)

Altars:

Annotations:
D:3 Grinder, Natasha


Message History

Natasha is moderately wounded.
You shoot an arrow.
The arrow hits Grinder but does no damage.
Grinder is lightly wounded.
Grinder gestures at you.
You suddenly lose the ability to move!
Grinder says, "Just stop there for a second..."
Grinder gestures at you.
You barely resist.
Natasha mumbles some strange words.
Grinder gestures at you. Pain shoots through your body!
Grinder says, "DUCK!"
Natasha wildly gestures.
You feel disoriented.
Natasha mumbles some strange words.
Natasha casts a spell.
You can move again.
You shoot an arrow. The arrow hits Grinder!
Grinder is heavily wounded.
Grinder hits you.
You shoot an arrow. The arrow hits Grinder.
Grinder is heavily wounded.
Grinder hits you.
You writhe in agony.
You shoot an arrow. The arrow hits Grinder.
Grinder is severely wounded.
Grinder blinks!
You shoot an arrow. The arrow barely misses Grinder.
The arrow closely misses the kobold.
The arrow hits Natasha.
Natasha is moderately wounded.
Grinder hits you.
You shoot an arrow. The arrow hits Grinder.
Grinder is severely wounded.
Grinder hits you.
You writhe in agony.
Natasha extends her claws.
Grinder gestures at you.
You suddenly lose the ability to move!
Grinder hits you.
You writhe in agony.
Grinder blinks!
Grinder hits you!
You die...

+.....#....#.#..#
##..%...#.#....# ..
#...####.#...##
....###..........#.#
)..................#
..)####.#.#...#....#
#...............#
#.##.#.#.#.......#
#@##.#...#.......#
#5##.#..##.......#
#h#..#..##########
#K#.## # #5#. #5#
.5# ...


You could see Grinder, Natasha, 3 cerulean imps and a kobold.

Vanquished Creatures
  2 adders (D:2)
  A worm (D:2)
  A dart slug (D:1)
  An orc (D:3)
  3 ball pythons (D:1)
  4 endoplasms
  2 giant cockroaches
  5 hobgoblins
  A bat (D:2)
  2 frilled lizards
  5 kobolds
  5 rats
32 creatures vanquished.

Notes
Turn   | Place    | Note
-------+----------+-------------------------------------------
     0 | D:1      | qw the Naga Hunter began the quest for the Orb.
     0 | D:1      | Reached XP level 1. HP: 19/19 MP: 1/1
     0 | D:1      | 0 ||| qw: Version: 0.3-a-5-g6f28e65
     0 | D:1      | 0 ||| qw: Game counter: 484
     0 | D:1      | 0 ||| qw: Always use a shield: true
     0 | D:1      | 0 ||| qw: God list: Okawaru
     0 | D:1      | 0 ||| qw: Allow faded altars: false
     0 | D:1      | 0 ||| qw: Do Orc after D:15 true
     0 | D:1      | 0 ||| qw: Do second Lair branch before Depths: true
     0 | D:1      | 0 ||| qw: Lair rune preference: random
     0 | D:1      | 0 ||| qw: Plans: Normal
     0 | D:1      | 0 ||| PLANNING D:1-11
    37 | D:1      | 37 ||| INVOKING Spit Poison.
    85 | D:1      | 85 ||| INVOKING Spit Poison.
    88 | D:1      | 88 ||| INVOKING Spit Poison.
    92 | D:1      | HP: 4/19 [kobold/+0 short sword (3)]
    94 | D:1      | 94 ||| INVOKING Spit Poison.
   164 | D:1      | 164 ||| INVOKING Spit Poison.
   245 | D:1      | 245 ||| INVOKING Spit Poison.
   246 | D:1      | Reached skill level 4 in Ranged Weapons
   246 | D:1      | Reached XP level 2. HP: 26/26 MP: 2/2
   264 | D:1      | 264 ||| INVOKING Spit Poison.
   303 | D:1      | 303 ||| INVOKING Spit Poison.
   458 | D:1      | 458 ||| INVOKING Spit Poison.
   485 | D:1      | 485 ||| INVOKING Spit Poison.
   544 | D:1      | 544 ||| INVOKING Spit Poison.
   575 | D:1      | 575 ||| INVOKING Spit Poison.
   674 | D:1      | 674 ||| UPGRADING to ring of resist corrosion.
   675 | D:1      | 675 ||| READING scroll labelled FAJADA YNUL.
   676 | D:1      | 676 ||| READING scroll labelled REYSUO SUAXKEBANYI.
   681 | D:1      | 681 ||| READING scroll labelled UWEITRAFYD.
   682 | D:1      | 682 ||| READING scroll labelled HOOFFAX KOAKLA.
   683 | D:1      | 683 ||| READING scroll labelled CUFFAUWKUA.
   684 | D:1      | 684 ||| DROPPING scroll of butterflies.
   748 | D:2      | 748 ||| INVOKING Spit Poison.
   782 | D:2      | 782 ||| INVOKING Spit Poison.
   783 | D:2      | 783 ||| INVOKING Spit Poison.
   844 | D:2      | 844 ||| INVOKING Spit Poison.
   847 | D:2      | Reached XP level 3. HP: 28/32 MP: 3/3
   866 | D:2      | 866 ||| INVOKING Spit Poison.
   874 | D:2      | 874 ||| INVOKING Spit Poison.
   888 | D:2      | 888 ||| INVOKING Spit Poison.
   925 | D:2      | 925 ||| INVOKING Spit Poison.
   939 | D:2      | 939 ||| INVOKING Spit Poison.
   949 | D:2      | 949 ||| INVOKING Spit Poison.
   978 | D:2      | 978 ||| INVOKING Spit Poison.
   996 | D:2      | 996 ||| INVOKING Spit Poison.
  1005 | D:2      | You fall into a shaft and drop 1 floor!
  1075 | D:3      | 1075 ||| INVOKING Spit Poison.
  1091 | D:3      | Noticed Grinder
  1093 | D:3      | Noticed Natasha
  1095 | D:3      | Paralysed by Grinder for 5 turns
  1104 | D:3      | Paralysed by Grinder for 4 turns
  1105 | D:3      | HP: 8/32 [Grinder (1)]
  1107 | D:3      | Slain by Grinder

Levels and vault maps discovered:
D:1:      amcnicky_arrival_double_pillar, layout_loops_ring
D:2:      layout_basic, serial_forest, infiniplex_forest_lined_corner,
          infiniplex_forest_straight_3, infiniplex_forest_end_2,
          infiniplex_forest_clump_curved, kennysheep_generic_room_9,
          uniq_terence, uniq_jessica, uniq_sigmund
D:3:      layout_basic, fiery_altar_vehumet, uniq_grinder, uniq_natasha

Skill      XL: |  1 |
---------------+----+-----
Ranged Weapons | 4 |  4.9
Fighting       | |  2.0
Dodging        | |  1.5
Stealth        | |  1.5

Action                     || total
---------------------------++-------
   Fire: Shortbow          ||    75
Ability: Spit Poison       ||    24
    Use: Scroll            ||     5
 Armour: Leather armour    ||     2
  Dodge: Dodged            ||    12

Table legend:
 A = Non-vault XP
 B = Vault XP
 C = Vault XP percentage of total XP
 D = Non-vault monster count
 E = Vault monster count
 F = Vault count percentage of total count
                 A         B        C        D         E       F
            +---------+---------+-------+---------+---------+-------
      Total |      80 |       0 |   0.0 |      32 |       0 |   0.0
            +---------+---------+-------+---------+---------+-------
        D:1 |      26 |       0 |   0.0 |      16 |       0 |   0.0
        D:2 |      49 |       0 |   0.0 |      14 |       0 |   0.0
        D:3 |       5 |       0 |   0.0 |       2 |       0 |   0.0
            +---------+---------+-------+---------+---------+-------
